Map: Acropolis LE

Players

TiPtOP

  • Race: Terran Terran
  • League: Silver
  • Spawn Location: 5:00

ThomasMarik - Winner!

  • Race: Protoss Protoss
  • League: Silver
  • Spawn Location: 11:00

VOD

Have the link to the VOD?

Description

Time

  • Played on: Aug. 18, 2019, 6:10 a.m.
  • Length: 9:17
Show
View Real Time Build Order
Export as new Build Order

TiPtOP Terran 

Build Orders: Mech 

Get SALT Encoding   

  12  0:01  SCV  
  13  0:13  SCV  
  14  0:18  Supply Depot  
  14  0:25  SCV  
  15  0:40  SCV  
  16  0:44  Barracks  
  16  0:49  Refinery  
  16  0:52  SCV  
  18  1:04  SCV  
  18  1:16  SCV  
  19  1:28  SCV  
  19  1:31  Marine  
  21  1:35  Supply Depot  
  21  1:42  Orbital Command  
  21  2:11  Barracks Tech Lab  
  21  2:16  Factory  
  21  2:29  Command Center  
  21  2:40  SCV  
  22  2:52  SCV  
  23  3:04  SCV  
  24  3:14  Siege Tank  
  27  3:25  Supply Depot  
  27  3:28  SCV  
  27  3:29  Refinery  
  28  3:40  SCV  
  29  4:10  Widow Mine  
  29  4:19  Supply Depot  
  29  4:22  Supply Depot  
  29  4:34  Siege Tank  
  32  4:51  Factory  
  32  4:55  Marine  
  32  4:58  SCV  
  34  5:10  Engineering Bay  
  34  5:11  Command Center  
  34  5:12  SCV  
  34  5:13  Marine  
  36  5:30  Siege Tank  
  36  5:33  SCV  
  40  5:48  Marine  
  40  5:49  Bunker  
  40  5:59  Factory  
  40  6:00  Factory Reactor  
  40  6:06  Marine  
  41  6:25  SCV  
  42  6:26  SCV  
  42  6:29  Refinery  
  43  6:33  Orbital Command  
  43  6:37  SCV  
  43  6:38  SCV  
  45  6:44  Missile Turret  
  45  6:49  Missile Turret, SCV  
  45  6:50  SCV  
  47  7:00  Siege Tank  
  50  7:01  SCV  
  50  7:02  SCV, Factory Tech Lab  
  52  7:10  Supply Depot  
  52  7:23  Orbital Command  
  52  7:32  Orbital Command, Supply Depot  
  52  7:46  Armory  
  49  7:55  Hellion x2  
Show
View Real Time Build Order
Export as new Build Order

ThomasMarik Protoss - Winner!

Build Orders:  

Get SALT Encoding   

  12  0:02  Probe  
  13  0:14  Probe  
  14  0:22  Pylon  
  14  0:26  Probe  
  15  0:40  Probe  
  16  0:44  Gateway  
  16  0:52  Probe  
  16  0:54  Assimilator  
  17  1:00  Probe  
  17  1:08  Probe  
  19  1:20  Probe, Gateway  
  20  1:27  Assimilator  
  20  1:32  Probe  
  21  1:39  Pylon  
  21  1:44  Probe  
  22  1:56  Probe  
  22  1:57  Cybernetics Core  
  24  2:08  Probe  
  24  2:20  Probe  
  25  2:30  Stalker x2  
  25  2:32  Probe  
  26  2:37  Pylon  
  30  2:44  Probe  
  30  2:47  Warp Gate  
  31  2:53  Nexus  
  31  2:57  Probe  
  32  3:04  Robotics Facility  
  32  3:09  Probe  
  33  3:21  Probe  
  33  3:26  Stalker  
  38  3:27  Sentry  
  38  3:28  Gateway  
  38  3:33  Probe  
  39  3:56  Pylon  
  39  3:58  Pylon  
  39  4:05  Probe  
  40  4:13  Probe  
  41  4:17  Probe  
  42  4:26  Probe  
  42  4:29  Probe  
  44  4:36  Twilight Council  
  44  4:38  Probe, Observer  
  46  4:41  Probe  
  47  4:50  Probe  
  48  4:53  Probe  
  49  5:01  Assimilator  
  49  5:02  Probe  
  49  5:03  Assimilator  
  49  5:06  Probe  
  51  5:08  Pylon  
  51  5:11  Pylon  
  51  5:14  Probe  
  51  5:19  Probe  
  53  5:23  Pylon  
  53  5:26  Probe, Pylon  
  54  5:32  Forge  
  54  5:34  Charge  
  54  5:38  Probe  
  54  5:39  Probe  
  54  5:41  Zealot x2  
  54  5:42  Zealot  
  62  5:48  Gateway  
  62  5:49  Gateway  
  62  5:51  Gateway  
  62  5:55  Gateway  
  62  5:56  Probe  
  62  5:57  Templar Archives, Probe  
  64  6:00  Warp Prism  
  64  6:02  Stalker x2  
  64  6:03  Zealot  
  72  6:13  Probe x2  
  74  6:25  Stalker x2, Probe x2  
  80  6:26  Stalker  
  82  6:38  Photon Cannon  
  82  6:40  Photon Cannon  
  82  6:43  Probe x2  
  82  6:45  Immortal, Photon Cannon  
  88  6:55  Probe x2  
  88  6:57  Photon Cannon  
  88  7:00  Photon Cannon  
  90  7:03  High Templar  
  90  7:04  High Templar  
  90  7:06  Zealot  
  90  7:07  Zealot  
  90  7:08  Zealot x2  
  102  7:15  Pylon  
  102  7:18  Pylon  
  102  7:25  Pylon  
  102  7:29  Pylon  
  102  7:32  Pylon  
  102  7:33  Probe  
  103  7:47  Probe x2  
  105  7:58  Stalker  
  105  7:59  Stalker x2  
  105  8:00  Stalker  
  113  8:19  Stalker  
  115  8:20  Stalker x2  
  115  8:22  Zealot  
  115  8:23  Zealot  
  123  8:28  Zealot x2  
  121  8:46  Stalker x2  
  121  8:47  Zealot x2  
  127  8:48  Zealot  
  123  8:57  Stalker  
  123  8:58  Stalker  
  122  9:17  Stalker x2  
Tags
 
Composition
Mech
Matchup
PvT
Spawn Locations
Cross Positions
Add a new tag
Caveats
  • Supply blocks, unpowered buildings, or Contaminate may cause inaccurate times.
  • Supply counts are checked every 10 seconds.